 Dungeon Crawl Stone Soup version 0.31.0-11-ge490571c62 (webtiles) character file.

Game seed: 8223763701793930705

3542 Flugkiller the Thaumaturge (level 10, -5/49 HPs)
             Began as a Vine Stalker Ice Elementalist on Feb 3, 2024.
             Slain by a wight
             ... wielding a +0 trident
              (11 damage)
             ... on level 8 of the Dungeon.
             The game lasted 00:11:20 (2826 turns).

Flugkiller the Thaumaturge (VSIE)                   Turns: 2826, Time: 00:11:20

Health: -5/49      AC:  4    Str: 10    XL:     10   Next: 8%
Magic:  0/23       EV: 15    Int: 19    God:
Gold:   286        SH:  0    Dex: 28    Spells: 15/25 levels left

rFire   . . .        v - +1 shortbow (drain)
rCold   . . .        (shield currently unavailable)
rNeg    . . .        A - +2 robe
rPois   .            (no helmet)
rElec   .            (no cloak)
rCorr   .            (no gloves)
SInv    .            (no boots)
Will    +....        (no amulet)
Stlth   +++          h - +6 ring of dexterity
HPRegen 1.08/turn    l - +6 ring of dexterity
MPRegen 0.18/turn

%: guardian spirit
@: no status effects
A: fangs 3, regeneration 1, magic shield, antimagic bite, no potion heal 2
a: no special abilities


You were on level 8 of the Dungeon.
You visited 2 branches of the dungeon, and saw 9 of its levels.

You collected 286 gold pieces.

Inventory:

Hand Weapons
 a - a +3 trident of draining
   (You took it off Jeremiah on level 7 of the Dungeon)
 b - a +0 scythe
   (You took it off Sigmund on level 2 of the Dungeon)
 c - a +0 dagger
   (You took it off a kobold on level 1 of the Dungeon)
 e - a +2 whip of holy wrath
   (You found it on level 1 of the Dungeon)
 p - a +0 rapier of venom
   (You took it off Eustachio on level 5 of the Dungeon)
 s - a +1 heavy war axe
   (You found it on level 6 of the Dungeon)
 v - a +1 shortbow of draining (weapon)
   (You took it off a centaur on level 6 of the Dungeon)
 w - a +0 spear of venom
   (You took it off a gnoll on level 7 of the Dungeon)
Missiles
 y - 2 curare-tipped darts
Armour
 n - a +0 buckler
   (You found it on level 2 of the Dungeon)
 x - an orb of guile
   (You took it off Jeremiah on level 7 of the Dungeon)
 A - a +2 robe (worn)
   (You took it off Psyche on level 8 of the Dungeon)
Jewellery
 h - a +6 ring of dexterity (left hand)
   (You found it on level 2 of the Dungeon)
 k - a +6 ring of intelligence
   (You found it on level 6 of the Dungeon)
 l - a +6 ring of dexterity (right hand)
   (You took it off an orc on level 3 of the Dungeon)
 m - a ring of flight
   (You found it on level 2 of the Dungeon)
 o - a ring of poison resistance
   (You found it on level 6 of the Dungeon)
Wands
 i - a wand of polymorph (6)
   (You found it on level 6 of the Dungeon)
 E - a wand of mindburst (4)
   (You found it on level 8 of the Dungeon)
Scrolls
 f - 2 scrolls of enchant weapon
 g - a scroll of enchant armour
 r - 2 scrolls of poison
 t - 2 scrolls of teleportation
 C - a scroll of immolation {unknown}
 D - a scroll of vulnerability {unknown}
Potions
 d - a potion of mutation
 j - a potion of resistance {unknown}
 q - 6 potions of curing
 u - a potion of brilliance {unknown}
 z - a potion of invisibility {unknown}
 B - a potion of might {unknown}


   Skills:
 - Level 4.0 Fighting
 - Level 4.0 Dodging
 - Level 2.4 Stealth
 - Level 8.3 Spellcasting
 + Level 6.7 Summonings
 - Level 8.0 Ice Magic


You had 15 spell levels left.
You knew the following spells:

 Your Spells              Type           Power      Damage    Failure   Level
a - Freeze                Ice            100%       1d10      1%          1
b - Frozen Ramparts       Ice            76%        1d12      1%          3
c - Ozocubu's Armour      Ice            38%        N/A       1%          3
d - Summon Ice Beast      Ice/Summ       36%        N/A       1%          3

Your spell library contained the following spells:

 Spells                   Type           Power      Damage    Failure   Level
 Dazzling Flash           Conj/Hex       14%        N/A       26%         3
 Mephitic Cloud           Conj/Alch/Air  7%         N/A       26%         3
 Summon Mana Viper        Hex/Summ       20%        N/A       52%         5
 Curse of Agony           Necr           7%         N/A       94%         5
 Silence                  Hex/Air        3%         N/A       94%         5
 Monstrous Menagerie      Summ           16%        N/A       99%         7


Dungeon Overview and Level Annotations

Branches:
Dungeon (8/15) Zot: 26363  Temple (1/1) D:6 Zot: 5998
   Lair: D:8-11

Altars:
Ashenzari
Dithmenos
Elyvilon
Fedhas
Gozag
Hepliaklqana
Nemelex Xobeh
Okawaru
Qazlal
Ru
Trog
Uskayaw
Vehumet
Xom
Zin
The Shining One

Shops:
D:4 ?


Innate Abilities, Weirdness & Mutations

You have razor-sharp teeth.
Your natural rate of healing is unusually fast.
When hurt, damage is shared between your health and your magic reserves.
Your bite disrupts and absorbs the magic of your enemies.
Potions cannot restore your health.


Message History

Casting: Frozen Ramparts (safe; 1% risk of failure)
Confirm with . or Enter, or press ? or * to list all spells.
A chill wind blows around you.
The orc priest mumbles some strange prayers to Beogh against you.
Beogh smites you!
The wall freezes the orc.
The orc hits your ice beast but does no damage.
A wight comes into view. It is wielding a +4 spear.
The wight completely resists.
The wall freezes the wight but does no damage.
A wight comes into view. It is wielding a +0 trident.
You shoot an arrow.
The arrow hits the wight but does no damage.
The orc priest looks encouraged for a moment.
The wall freezes the orc!
You kill the orc!
The wight completely resists.
The wall freezes the wight but does no damage.
The wight misses you.
Your ice beast hits the wight.
Your ice beast freezes the wight.
The wight resists. x2
The wall freezes the wight.
The wight closely misses you.
Casting: Summon Ice Beast (safe; 1% risk of failure)
Confirm with . or Enter, or press ? or * to list all spells.
A film of ice covers your body!
The frozen ramparts melt away.
The orc priest calls down the wrath of Beogh upon you.
Beogh smites you! The wight misses you.
Your ice beast closely misses the wight.
Casting: Ozocubu's Armour (safe; 1% risk of failure)
Confirm with . or Enter, or press ? or * to list all spells.
The walls around you are covered in ice.
The wall freezes the orc!
You kill the orc!
The wight resists.
The wall freezes the wight.
The wight barely misses you.
Your ice beast hits the wight but does no damage.
The wall freezes the wight but does no damage.
The wight hits you with a +2 short sword of speed.
You feel drained.
You are too injured to fight recklessly!
Fire: v) +1 shortbow (drain)
Press: ? - help, Q - select action, (/) - cycle Shift-Dir - straight line, f/p - wight
Aim: a wight, wielding a +2 short sword of speed and wearing a +0 robe (moderately damaged, ally target, 69% to hit)
You shoot an arrow. The arrow completely misses the wight.
The arrow hits the orc priest!
You kill the orc priest!
The wall freezes the orc!
You kill the orc!
Your ice beast hits the wight but does no damage.
The wight resists.
The wall freezes the wight.
The wight hits you with a +2 short sword of speed.
You feel drained.
The wight resists.
The wall freezes the wight.
The wight resists.
The wall freezes the wight.
The wight hits you with a +2 short sword of speed.
* * * LOW HITPOINT WARNING * * *
Your icy armour cracks and falls away as you move.
The frozen ramparts melt away as you move.
Your ice beast hits the wight but does no damage.
The wight hits your ice beast with a +0 trident.
Aiming: Mindburst
Press: ? - help, Shift-Dir - straight line, f/p - wight
Aim: a wight, wielding a +2 short sword of speed and wearing a +0 robe (moderately damaged, chance to affect: 64%)
The wight's mind is blasted!!
You blow up the wight!
Your ice beast hits the wight but does no damage.
The wight closely misses you.
Your life force feels restored.
Aiming: Mindburst
Press: ? - help, Shift-Dir - straight line, f - wight
Aim: a wight, wielding a +4 spear and wearing a +0 robe (lightly damaged, chance to affect: 64%)
The wight struggles to resist.
Your ice beast hits the wight.
Your ice beast freezes the wight.
The wight resists.
The wight hits you from afar with a +4 spear.
* * * LOW HITPOINT WARNING * * *
Aiming: Mindburst
Press: ? - help, Shift-Dir - straight line, f/p - wight
Aim: a wight, wielding a +4 spear and wearing a +0 robe (lightly damaged, chance to affect: 64%)
The wight's mind is blasted!
Your ice beast barely misses the wight.
The wight closely misses you. The wight misses you.
Your ice beast hits the wight.
The wight is destroyed!
The wight attacks as it pursues you!
The wight hits you from afar with a +0 trident!
* * * LOW HITPOINT WARNING * * *
You feel drained.
Your life force feels restored.
Okay, then.
Aiming: Mindburst
Press: ? - help, Shift-Dir - straight line, f - wight
Aim: a wight, wielding a +0 trident and wearing a +0 robe (lightly damaged, ally target, chance to affect: 64%)
The wight struggles to resist.
The wight misses you.
Aiming: Mindburst
Press: ? - help, Shift-Dir - straight line, f/p - wight
Aim: a wight, wielding a +0 trident and wearing a +0 robe (lightly damaged, ally target, chance to affect: 64%)
The wight struggles to resist.
Your ice beast hits the wight but does no damage.
The wight completely misses you.
Aiming: Mindburst
Press: ? - help, Shift-Dir - straight line, f/p - wight
Aim: a wight, wielding a +0 trident and wearing a +0 robe (lightly damaged, ally target, chance to affect: 64%)
The wight's mind is blasted!
Your ice beast barely misses the wight.
The wight hits you from afar with a +0 trident!
You die...

#.......#...##.##...#
#......(.............
#....................
#.......##.##..#.....
#.......##.##.###...#
#.......##.##.# ##>..
####.#####.##.# ####
#.# #_##.# #@# #.##.#
#.# #.# .# #z#
#.[...Y).....#
#.####).####.# #))#
#)?# #))# #...


You could see a wight (ally target) and a friendly ice beast (summoned).

Vanquished Creatures
  An unseen horror (D:6)
  Jeremiah (D:7)
  Sigmund (D:2)
  Eustachio (D:5)
  A water moccasin (D:6)
  An orc warrior (D:7)
  A black bear (D:4)
  2 sky beasts
  An ogre (D:5)
  A centaur (D:6)
  2 bullfrogs (D:7)
  5 kobold brigands
  A scorpion (D:5)
  A wight (D:8)
  A howler monkey (D:6)
  2 bombardier beetles (D:6)
  5 jellies
  2 gnoll boudas
  2 orc priests (D:8)
  2 hounds
  7 iguanas
  8 orc wizards
  10 gnolls
  9 adders
  3 shadow imps (D:6)
  A dart slug (D:1)
  2 ribbon worms
  27 orcs
  2 endoplasms
  2 giant cockroaches (D:2)
  27 kobolds
  2 bats
  3 frilled lizards
  2 goblins
  3 rats
142 creatures vanquished.

Vanquished Creatures (collateral kills)
  Psyche (D:8)
  A bullfrog (D:6)
  A wight (D:8)
  2 gnolls (D:5)
5 creatures vanquished.

Grand Total: 147 creatures vanquished

Notes
Turn   | Place    | Note
-------+----------+-------------------------------------------
     0 | D:1      | Flugkiller the Vine Stalker Ice Elementalist began the
                  | quest for the Orb.
     0 | D:1      | Reached XP level 1. HP: 9/9 MP: 4/4
   142 | D:2      | Noticed Sigmund
   144 | D:2      | Reached XP level 2. HP: 13/13 MP: 2/6
   220 | D:2      | Killed Sigmund
   221 | D:2      | Reached skill level 5 in Ice Magic
   221 | D:2      | Reached XP level 3. HP: 14/16 MP: 0/9
   221 | D:2      | Reached XP level 4. HP: 18/21 MP: 0/11
   221 | D:2      | Reached XP level 5. HP: 21/24 MP: 0/12
   270 | D:2      | Learned a level 3 spell: Frozen Ramparts
   274 | D:2      | Learned a level 3 spell: Ozocubu's Armour
   278 | D:2      | Learned a level 3 spell: Summon Ice Beast
   370 | D:3      | Reached XP level 6. HP: 28/28 MP: 7/13
   727 | D:4      | Found Jovat's Magic Scroll Shoppe.
   738 | D:4      | Found a blossoming altar of Fedhas.
   891 | D:4      | Reached skill level 5 in Spellcasting
   913 | D:4      | Noticed a black bear
   928 | D:4      | Killed a black bear
   929 | D:4      | Reached XP level 7. HP: 23/32 MP: 2/16
   968 | D:5      | Entered Level 5 of the Dungeon
  1093 | D:5      | Noticed Eustachio
  1132 | D:5      | Killed Eustachio
  1133 | D:5      | Gained mutation: You have razor-sharp teeth. [Vine Stalker
                  | growth]
  1133 | D:5      | Reached XP level 8. HP: 22/36 MP: 11/19
  1557 | D:6      | Found Qaylod's Magic Scroll Boutique.
  1651 | D:6      | Killed an unseen horror
  1750 | D:6      | Reached XP level 9. HP: 44/44 MP: 5/20
  2212 | D:8      | Noticed Psyche
  2217 | D:8      | Killed Psyche
  2287 | D:7      | Noticed Jeremiah
  2298 | D:7      | Killed Jeremiah
  2427 | D:6      | Found a staircase to the Ecumenical Temple.
  2433 | D:6      | Reached skill level 5 in Summonings
  2441 | Temple   | Entered the Ecumenical Temple
  2584 | D:7      | Reached XP level 10. HP: 49/49 MP: 17/23
  2790 | D:8      | Found a hide-covered altar of Uskayaw.
  2826 | D:8      | Slain by a wight

Illustrated notes

Levels and vault maps discovered:
D:1:      nzn_arrival_crosshair, layout_loops_ring
D:2:      layout_loops_ring, uniq_sigmund
D:3:      layout_basic, minmay_vboxes
D:4:      layout_cave_pools, tgw_fedhas, serial_shops, shop
D:5:      layout_loops_ring, makhleb_heckhound_becter,
          cheibrodos_sewer_entry_bend, kennysheep_generic_room_6, uniq_eustachio
D:6:      minmay_opposing_rooms, layout_basic, temple_fountains, serial_shops,
          nicolae_square_shop
D:7:      layout_loops_ring, serial_shops, shop, uniq_jeremiah
D:8:      layout_loops_ring, overflow_temple_1_default,
          grunt_temple_overflow_open, corexii_corridor_pit, minmay_misc_feat_x,
          hellmonk_guarded_unrand_dark_maul, uniq_psyche, uniq_joseph
Temple:   eino_narrow_crystal_temple

Skill      XL: |  1  2  3  4  5  6  7  8  9 10 |
---------------+-------------------------------+-----
Spellcasting   | 4 5 6 7 8 |  8.3
Ice Magic      | 5 6 7 8 |  8.0
Fighting       | 3 4 |  4.0
Dodging        | 3 4 |  4.0
Summonings     | 5 6 |  6.7
Stealth        | |  2.4

Action                     |  1- 3 |  4- 6 |  7- 9 | 10-12 || total
---------------------------+-------+-------+-------+-------++-------
  Melee: Dagger            |     7 |       |       |       ||     7
         Bite              |     8 |    16 |    19 |       ||    43
         Whip              |    10 |    36 |    15 |       ||    61
         Punch             |     1 |       |     1 |       ||     2
         Rapier            |       |       |    37 |       ||    37
   Fire: Shortbow          |       |       |    79 |    12 ||    91
   Cast: Freeze            |    12 |    14 |     8 |       ||    34
         Frozen Ramparts   |       |     9 |    29 |     2 ||    40
         Ozocubu's Armour  |       |     1 |     8 |     1 ||    10
         Summon Ice Beast  |       |       |     4 |     1 ||     5
  Evoke: Wand              |       |       |       |     6 ||     6
    Use: Potion            |     1 |       |     2 |       ||     3
         Scroll            |       |     1 |    10 |       ||    11
   Stab: Sleeping          |       |     3 |       |       ||     3
         Distracted        |       |     1 |       |       ||     1
 Armour: Robe              |    16 |    21 |   109 |     8 ||   154
  Dodge: Dodged            |    16 |    27 |    82 |    13 ||   138
